 Dungeon Crawl Stone Soup version 0.25-a0-398-g1920f1ac21 (webtiles) character file.

Game seed: 10962430233096092677, levelgen mode: deterministic

670 Gargoyl the Skirmisher (level 7, -12/59 HPs)
             Began as a Centaur Abyssal Knight on Jan 8, 2020.
             Was a Believer of Lugonu.
             Blown up by a crimson imp (26 damage)
             ... with a disintegration bolt
             ... on level 5 of the Dungeon.
             The game lasted 00:08:16 (5219 turns).

Gargoyl the Skirmisher (Centaur Abyssal Knight)     Turns: 5219, Time: 00:08:17

Health: -12/59     AC:  9    Str: 15    XL:     7   Next: 32%
Magic:  10/10      EV:  4    Int: 11    God:    Lugonu [**....]
Gold:   213        SH:  3    Dex: 10    Spells: 6/6 levels left

rFire    . . .     SeeInvis .   e - +4 hand axe
rCold    . . .     Gourm    .   l - +0 buckler
rNeg     . . .     Faith    .   q - +0 chain mail
rPois    .         Spirit   .   (no helmet)
rElec    .         Reflect  .   n - +0 cloak
rCorr    .         Harm     .   (no gloves)
MR       .....                  (no barding)
Stlth    ..........             (no amulet)
HPRegen  0.19/turn              (no ring)
MPRegen  0.12/turn              (no ring)

@: very quick
A: large, hooves 3, deformed body, speed 2, tough skin 3
a: Depart the Abyss, Bend Space, Renounce Religion


You were on level 5 of the Dungeon.
You worshipped Lugonu.
Lugonu was pleased with you.
You were very hungry.

You visited 1 branch of the dungeon, and saw 5 of its levels.
You visited the Abyss 1 time.

You collected 213 gold pieces.

Inventory:

Hand Weapons
 a - a +2 hand axe
 e - a +4 hand axe (weapon)
Armour
 l - a +0 buckler (worn)
 n - a +0 cloak (worn)
 q - a +0 chain mail (worn)
Jewellery
 r - an uncursed amulet of regeneration {unknown}
Wands
 d - a wand of paralysis (5)
Scrolls
 h - 3 scrolls of teleportation
 i - 2 scrolls of magic mapping
 j - 2 scrolls of identify
 p - a scroll of remove curse
Potions
 b - a potion of haste
 f - a potion of cancellation {unknown}
 g - a potion of curing
 k - a potion of brilliance
 m - a potion of flight
 o - a potion of might {unknown}
Comestibles
 c - 6 rations


   Skills:
 + Level 4.0 Fighting
 + Level 3.5 Axes
 * Level 3.8 Armour
 * Level 2.3 Dodging
 + Level 0.2 Shields
 * Level 4.0 Invocations


You had 6 spell levels left.
You didn't know any spells.
Your spell library contained the following spells:

 Spells                   Type           Power        Failure   Level  Hunger
 Animate Skeleton         Necr           N/A          100%        1    ##.....
 Apportation              Tloc           #.....       100%        1    ##.....
 Corona                   Hex            #......      100%        1    ##.....
 Summon Small Mammal      Summ           #...         100%        1    ##.....


Dungeon Overview and Level Annotations

Branches:
Dungeon (5/15)             Temple (0/1) D:5

Altars:
Gozag
Nemelex Xobeh
Xom
Zin

Shops:
D:5 [


Innate Abilities, Weirdness & Mutations

You have hooves in place of feet.
Armour fits poorly on your strangely shaped body.
You cover ground very quickly.
You have extremely tough skin. (AC +3)


Message History

There is a stone staircase leading up here.
You hit the crimson imp.
The crimson imp is heavily wounded.
The crimson imp lashes its tail.
The crimson imp zaps a wand.
You are blasted!
The crimson imp laughs crazily.
There is a stone staircase leading up, spattered with blood here.
You hit the crimson imp. You kick the crimson imp.
The crimson imp is severely wounded.
The crimson imp zaps a wand.
You are blasted!
* * * LOW HITPOINT WARNING * * *
You hit the crimson imp.
The crimson imp is almost dead.
The crimson imp zaps a wand.
You struggle to resist.
You feel better.
The crimson imp hits you but does no damage.
You miss the crimson imp.
The crimson imp is severely wounded.
The crimson imp zaps a wand.
You are blasted!
You die...

....#'##....#..........#
.........<..#.........#
........#####..##.....#
####....#......##.....#
...#....#..######.....#
...#....#'###..##.....#
...#....#..##.........##
...#....'................
...+....#......5@........
...#....#####'######'####
...#.....5...........
...+.................
####.................
#..#.................
'..###'#.....####....
#......#.....# ....
#......#.....# ...


You could see a crimson imp.

Vanquished Creatures
  3 crimson imps (D:5)
  A hound (D:5)
  4 orc priests
  3 orc wizards
  4 worker ants
  2 killer bee zombies
  2 worker ant zombies (D:5)
  4 adders (D:2)
  3 gnolls
  A howler monkey skeleton (D:5)
  4 oozes
  2 worms (D:2)
  A dart slug (D:3)
  4 leopard geckos
  9 orcs
  2 ball pythons
  3 giant cockroaches
  4 goblins
  7 hobgoblins
  2 quokkas (D:5)
  12 bats
  3 frilled lizards
  5 kobolds
  11 rats
96 creatures vanquished.

Notes
Turn   | Place    | Note
-------+----------+-------------------------------------------
     0 | Abyss:1  | Gargoyl the Centaur Abyssal Knight began the quest for the
                  | Orb.
     0 | Abyss:1  | Reached XP level 1. HP: 19/19 MP: 2/2
    58 | Abyss:2  | Noticed a lich
    60 | D:1      | Escaped the Abyss
   153 | D:1      | Reached * piety under Lugonu
   163 | D:1      | Reached XP level 2. HP: 24/26 MP: 3/3
   571 | D:1      | Reached XP level 3. HP: 27/31 MP: 4/4
   777 | D:2      | Reached skill level 1 in Dodging
  1034 | D:2      | Reached XP level 4. HP: 34/40 MP: 5/5
  1117 | D:2      | Found a glowing silver altar of Zin.
  1150 | D:2      | Reached ** piety under Lugonu
  2044 | D:4      | Reached XP level 5. HP: 42/46 MP: 5/7
  2607 | D:4      | Found a sparkling altar of Nemelex Xobeh.
  2999 | D:4      | Reached XP level 6. HP: 15/52 MP: 8/8
  3486 | D:5      | Entered Level 5 of the Dungeon
  3607 | D:5      | Found a staircase to the Ecumenical Temple.
  4552 | D:5      | Found a shimmering altar of Xom.
  4568 | D:5      | Reached XP level 7. HP: 52/58 MP: 9/9
  4958 | D:5      | Found an opulent altar of Gozag.
  4959 | D:5      | Found Huogonygh's Antique Armour Emporium.
  5219 | D:5      | Blown up by a crimson imp

Levels and vault maps discovered:
D:1:      lemuel_arrival_tunnels, layout_rooms
D:2:      layout_basic, zin_statuary
D:3:      layout_rooms
D:4:      layout_loops_ring, kennysheep_mini, first_ration
D:5:      layout_gridville, led_xom_imps, minmay_temple_entry_proselytizer,
          serial_shops, nicolae_shop_crystal, grunt_gozag_statues

Skill      XL: |  1  2  3  4  5  6  7 |
---------------+----------------------+-----
Axes           | 2 3 |  3.5
Dodging        | 1 2 |  2.3
Armour         | 2 3 |  3.8
Invocations    | 3 4 |  4.0
Fighting       | 4 |  4.0
Shields        | |  0.2

Action                   |  1- 3 |  4- 6 |  7- 9 || total
-------------------------+-------+-------+-------++-------
Melee: Hand axe          |    76 |   171 |    45 ||   292
       Kick              |     8 |    29 |     7 ||    44
Invok: Depart the Abyss  |     1 |       |       ||     1
  Use: Scroll            |     3 |    10 |       ||    13
       Potion            |       |     2 |     1 ||     3
  Eat: Chunk             |       |     6 |     1 ||     7
       Ration            |       |     1 |       ||     1
Armor: Leather armour    |    28 |       |       ||    28
       Scale mail        |    15 |    28 |       ||    43
       Chain mail        |       |    65 |    31 ||    96
Dodge: Dodged            |    33 |    50 |     9 ||    92
Block: Buckler           |     2 |    26 |     9 ||    37

Table legend:
 A = Non-vault XP
 B = Vault XP
 C = Vault XP percentage of total XP
 D = Non-vault monster count
 E = Vault monster count
 F = Vault count percentage of total count
                 A         B        C        D         E       F
            +---------+---------+-------+---------+---------+-------
      Total |     769 |     189 |  19.7 |      92 |       4 |   4.2
            +---------+---------+-------+---------+---------+-------
        D:1 |      45 |       0 |   0.0 |      23 |       0 |   0.0
        D:2 |      77 |       0 |   0.0 |      16 |       0 |   0.0
        D:3 |      58 |       0 |   0.0 |      20 |       0 |   0.0
        D:4 |     223 |       0 |   0.0 |      14 |       0 |   0.0
        D:5 |     366 |     189 |  34.1 |      19 |       4 |  17.4
            +---------+---------+-------+---------+---------+-------
